 Dungeon Crawl Stone Soup version 0.27-a0-1302-g7736ffe575 (webtiles) character file.

Game seed: 16433445314143716519

5817 Kinoniko the Cleaver (level 10, -6/165 HPs)
             Began as an Ogre Berserker on June 18, 2021.
             Was a High Priest of Trog.
             Mangled by a 14-headed hydra (11 damage)
             ... on level 9 of the Dungeon.
             The game lasted 00:08:14 (9767 turns).

Kinoniko the Cleaver (Ogre Berserker)               Turns: 9767, Time: 00:08:15

Health: -6/165     AC:  6    Str: 40    XL:     10   Next: 79%
Magic:  10/10      EV:  9    Int:  5    God:    Trog [*****.]
Gold:   466        SH:  0    Dex:  6    Spells: 9/9 levels left

rFire    . . .     SeeInvis .   m - +8 hand axe of Jiaq Aco {elec, rPois Will+ Str+8 Int-3 Dex-2}
rCold    . . .     Faith    +   (no shield)
rNeg     . . .     Spirit   .   b - +0 animal skin
rPois    +         Reflect  .   (helmet restricted)
rElec    .         Harm     .   D - +2 cloak
rCorr    .         Rampage  .   (gloves unavailable)
Will     ++...                  (boots unavailable)
Stlth    ..........             p - amulet of faith
HPRegen  0.37/turn              t - +6 ring of strength
MPRegen  0.12/turn              (no ring)

@: berserking, very quick
A: large, unfitting armour, tough skin 1
a: Renounce Religion, Berserk, Trog's Hand, Brothers in Arms


You were on level 9 of the Dungeon.
You worshipped Trog.
Trog was extremely pleased with you.
You visited 1 branch of the dungeon, and saw 9 of its levels.
You also visited: Sewer.

You collected 466 gold pieces.

Inventory:

Hand Weapons
 a - a +1 hand axe
 m - the +8 hand axe of Jiaq Aco (weapon) {elec, rPois Will+ Str+8 Int-3 Dex-2}
   (You found it on level 5 of the Dungeon)

   Occasionally, upon striking a foe, it can discharge electrical energy and
   cause terrible harm.
   It affects your strength (+8).
   It affects your intelligence (-3).
   It affects your dexterity (-2).
   It protects you from poison.
   It increases your willpower.
 x - a +2 battleaxe
 z - a +0 war axe
Missiles
 y - 2 throwing nets
 C - a curare-tipped dart
Armour
 b - a +0 animal skin (worn)
 D - a +2 cloak (worn)
Jewellery
 p - an amulet of faith (around neck)
 t - a +6 ring of strength (left hand)
Wands
 d - a wand of iceblast (6)
 h - a wand of polymorph (7)
 r - a wand of digging (3)
 u - a wand of charming (4)
 v - a wand of mindburst (10)
 A - a wand of paralysis (13)
Scrolls
 e - a scroll of enchant weapon
 j - a scroll of magic mapping
 l - 4 scrolls of teleportation
 n - a scroll of summoning
Potions
 c - 4 potions of lignification {unknown}
 f - 2 potions of curing
 i - 2 potions of magic {unknown}
 k - a potion of might
 o - 2 potions of haste {unknown}
 q - 2 potions of flight {unknown}
 s - a potion of mutation {unknown}
 B - a potion of heal wounds {unknown}


   Skills:
 * Level 9.9 Fighting
 + Level 14.0 Axes
 - Level 2.6 Dodging


You had 9 spell levels left.
You didn't know any spells.
Your spell library contained the following spells:

 Spells                   Type           Power      Damage    Failure   Level
 Slow                     Hex            0%         N/A       63%         2
 Summon Guardian Golem    Hex/Summ       0%         N/A       85%         3
 Leda's Liquefaction      Hex/Erth       0%         N/A       99%         4
 Starburst                Conj/Fire      0%         8x6d3     100%        6


Dungeon Overview and Level Annotations

Branches:
Dungeon (9/15)             Temple (0/1) D:5           Sewer (visited)
   Lair: D:8-11         Orc: D:9-12

Altars:
Ru

Shops:
D:3 =   D:7 [


Innate Abilities, Weirdness & Mutations

You are too large for most types of armour.
You have tough skin. (AC +1)


Message History

The 12-headed hydra bites you but does no damage.
The 12-headed hydra bites you.
The 12-headed hydra bites you but does no damage.
The 12-headed hydra bites you.
The 12-headed hydra bites you but does no damage. x2
The 12-headed hydra bites you. The 12-headed hydra bites you!
* * * LOW HITPOINT WARNING * * *
The 12-headed hydra bites you.
* * * LOW HITPOINT WARNING * * *
The 12-headed hydra bites you!
* * * LOW HITPOINT WARNING * * *
You are too injured to fight recklessly!
You are too injured to fight recklessly!
Unknown command.
Unknown command.
You are too injured to fight recklessly!
Unknown command.
You are too injured to fight recklessly!
You are too injured to fight recklessly!
Unknown command.
You are too injured to fight recklessly!
You are too injured to fight recklessly!
You hack one of the 12-headed hydra's heads off!
The 11-headed hydra grows two more!
You slash the 13-headed hydra!
The 13-headed hydra is severely wounded.
You chop one of the 13-headed hydra's heads off!
The 12-headed hydra grows two more!
You slice the 14-headed hydra!!
The 14-headed hydra is almost dead.
The 14-headed hydra barely misses you.
The 14-headed hydra bites you but does no damage.
The 14-headed hydra bites you!
* * * LOW HITPOINT WARNING * * *
The 14-headed hydra closely misses you. The 14-headed hydra bites you!
* * * LOW HITPOINT WARNING * * *
The 14-headed hydra barely misses you.
The 14-headed hydra bites you but does no damage.
The 14-headed hydra bites you!
* * * LOW HITPOINT WARNING * * *
The 14-headed hydra bites you!
You die...

#.....#...<#
#####.#.#.####
#####...#.#
#######....#
[.$####.### #
#.#####.#
#(##.##.##.#
#....)...'.#
#(##@##.##.#
#D#####.# .R.
##.# ##°##
##.# #.# ##.#
°.. ##.. #.#
#### #.#


You could see a 14-headed hydra and an efreet.

Vanquished Creatures
  Harold (D:8)
  A centaur warrior (D:9)
  Maurice (D:8)
  Prince Ribbit (D:6)
  7 yaks
  Grum (D:8)
  A water moccasin (D:7)
  4 ice beasts
  3 orc warriors
  2 wolves (D:8)
  A centaur (D:8)
  2 ogres
  3 bullfrogs
  A kobold brigand (D:8)
  A scorpion (D:7)
  A wyvern zombie (D:8)
  A water moccasin skeleton (D:6)
  A killer bee (D:9)
  4 wights (D:8)
  2 howler monkeys (D:5)
  2 centaur zombies
  A hound (D:7)
  3 jellies (D:8)
  7 orc priests
  2 bullfrog skeletons
  A centaur skeleton (D:7)
  Crazy Yiuf (D:2)
  Terence (D:2)
  4 iguanas
  3 orc wizards
  A howler monkey zombie (D:5)
  A gnoll (D:6)
  8 adders
  A river rat (D:3)
  A white imp (D:7)
  2 ufetubi
  A worm (D:2)
  3 dart slugs (D:1)
  19 orcs
  14 ball pythons
  7 endoplasms
  11 giant cockroaches
  7 goblins
  7 hobgoblins
  3 jackals (D:1)
  10 quokkas
  A bat (D:1)
  9 frilled lizards
  6 kobolds
  9 rats
185 creatures vanquished.

Notes
Turn   | Place    | Note
-------+----------+-------------------------------------------
     0 | D:1      | Kinoniko the Ogre Berserker began the quest for the Orb.
     0 | D:1      | Reached XP level 1. HP: 24/24 MP: 1/1
    80 | D:1      | Reached XP level 2. HP: 17/32 MP: 2/2
   462 | D:1      | Reached skill level 4 in Axes
   466 | D:1      | Reached XP level 3. HP: 38/39 MP: 3/3
   638 | D:1      | Reached ** piety under Trog
  1052 | D:2      | Reached XP level 4. HP: 36/48 MP: 4/4
  1588 | D:2      | Noticed Terence
  1598 | D:2      | Killed Terence
  1599 | D:2      | Reached skill level 5 in Axes
  2064 | D:2      | Found a runed translucent door.
  2065 | D:2      | Noticed Crazy Yiuf
  2472 | D:2      | Killed Crazy Yiuf
  2473 | D:2      | Reached XP level 5. HP: 54/54 MP: 5/5
  2685 | D:3      | Found Safitsum's Jewellery Shoppe.
  3211 | D:3      | Reached skill level 6 in Axes
  3222 | D:3      | Found a glowing drain.
  3228 | Sewer    | Entered a sewer
  3246 | Sewer    | Reached *** piety under Trog
  3521 | Sewer    | Reached XP level 6. HP: 62/62 MP: 6/6
  3528 | Sewer    | Reached skill level 7 in Axes
  3581 | Sewer    | Identified Umego's Grimoire of Entrancing Fire
  4284 | D:4      | Reached XP level 7. HP: 30/70 MP: 7/7
  5251 | D:5      | Entered Level 5 of the Dungeon
  5266 | D:5      | Reached skill level 8 in Axes
  5337 | D:5      | Identified the +8 hand axe of Jiaq Aco {elec, rPois Will+
                  | Str+8 Int-3 Dex-2}
  5526 | D:5      | Found a staircase to the Ecumenical Temple.
  5574 | D:5      | Reached **** piety under Trog
  5946 | D:5      | Reached skill level 9 in Axes
  6089 | D:5      | Reached XP level 8. HP: 78/78 MP: 8/8
  6447 | D:6      | Found a sacrificial altar of Ru.
  6717 | D:6      | Noticed Prince Ribbit
  6721 | D:6      | Reached skill level 10 in Axes
  6728 | D:6      | Killed Prince Ribbit
  6866 | D:6      | Reached skill level 11 in Axes
  7491 | D:7      | Reached XP level 9. HP: 69/84 MP: 9/9
  7560 | D:7      | Found Vuerokhe's Armour Emporium.
  7594 | D:7      | Reached skill level 12 in Axes
  7941 | D:7      | Reached skill level 13 in Axes
  8470 | D:8      | Reached ***** piety under Trog
  8471 | D:8      | Reached skill level 5 in Fighting
  8471 | D:8      | Reached XP level 10. HP: 96/96 MP: 10/10
  8590 | D:8      | Noticed Grum
  8605 | D:8      | Killed Grum
  8605 | D:8      | Received a gift from Trog
  8942 | D:8      | Noticed Harold
  8955 | D:8      | Killed Harold
  9191 | D:8      | Noticed Maurice
  9203 | D:8      | Killed Maurice
  9747 | D:9      | Noticed a centaur warrior
  9752 | D:9      | Noticed a seven-headed hydra
  9753 | D:9      | Killed a centaur warrior
  9754 | D:9      | Reached skill level 14 in Axes
  9767 | D:9      | HP: 5/165 [14-headed hydra (8)]
  9767 | D:9      | Mangled by a 14-headed hydra

Illustrated notes

Levels and vault maps discovered:
D:1:      sevenhm_arrival_forest_fort_large_1, layout_rooms,
          lemuel_another_geyser
D:2:      layout_loops_corners, kennysheep_decorative_pillar,
          uniq_crazy_yiuf_cottage, uniq_terence
D:3:      layout_loops_corners, serial_shops, shop_statue, portal_sewer_entry_e
D:4:      layout_loops_ring, minmay_goblin_kobold_house
D:5:      layout_loops_corners, minmay_temple_entry_drinking_statues
D:6:      layout_loops_ring, lemuel_doored_altar, st_stairs_2,
          uniq_prince_ribbit1
D:7:      layout_cave_pools, serial_shops, nicolae_shop_statue_plus
D:8:      layout_gridville, dk_vineyard_3, uniq_harold, uniq_maurice, uniq_grum
D:9:      hangedman_cross_veins, layout_basic, grunt_ministairs_2

Skill      XL: |  1  2  3  4  5  6  7  8  9 10 |
---------------+-------------------------------+-----
Axes           | 4 5 6 7 9 11 13 14 | 14.0
Fighting       | 5 9 |  9.9
Dodging        | |  2.6

Action                   |  1- 3 |  4- 6 |  7- 9 | 10-12 || total
-------------------------+-------+-------+-------+-------++-------
Melee: Hand axe          |    97 |   200 |   150 |    68 ||   515
Invok: Berserk           |     3 |     6 |     8 |     5 ||    22
  Use: Scroll            |       |     3 |     4 |     1 ||     8
 Stab: Sleeping          |       |       |     1 |       ||     1
Armor: Animal skin       |    25 |    55 |    22 |    13 ||   115
Dodge: Dodged            |    75 |    91 |    43 |    24 ||   233

Table legend: (Time is in decaauts)
 A = Elapsed time spent in this place.
 B = Non-inter-level travel time spent in this place.
 C = Inter-level travel time spent in this place.
 D = Time resting spent in this place.
 E = Time spent auto-exploring this place.
 F = Levels seen in this place.
 G = Mean time per level.
                   A        B        C        D        E       F      G
               +--------+--------+--------+--------+--------+-----+--------+
         Total |   9958 |   9660 |    298 |   2230 |   6466 |  10 |  995.8 |
       Dungeon |   9538 |   9240 |    298 |   2133 |   6272 |   9 | 1059.8 |
         Sewer |    420 |    420 |      0 |     97 |    193 |   1 |  420.0 |
               +--------+--------+--------+--------+--------+-----+--------+

Top non-repeatable levels by time:
     D:8: 1672 daAuts
     D:2: 1615 daAuts
     D:4: 1275 daAuts
     D:5: 1159 daAuts
     D:1: 1044 daAuts
     D:3: 1019 daAuts
     D:6: 950 daAuts
     D:7: 735 daAuts
   Sewer: 420 daAuts
     D:9: 64 daAuts
